SAN JOSE Sharks vs ANAHEIM Ducks (R3)

Created - 22 mars 2019 at 16:06

Goals
1 2 3 T
SAN JOSE Sharks 1 0 1 2
ANAHEIM Ducks 2 0 2 4
Shots
1 2 3 T
SAN JOSE Sharks 13 4 15 32
ANAHEIM Ducks 8 18 17 43

1st period

1. ANAHEIM Ducks , Mathew Barzal 6 (Jesper Fast 12, Seth Jones 38) at 8:50
2. SAN JOSE Sharks , Nick Schmaltz 24 (Radko Gudas 31, Josh Anderson 26) at 8:56
3. ANAHEIM Ducks , Alexander Edler 12 (Vladimir Tarasenko 30, Paul Byron 24) at 13:39

Penalties :
Tyler Seguin (ANA) for High sticking (Minor) at 13:08, Josh Gorges (SJS) for Holding (Minor) at 13:08, Josh Gorges (SJS) for Roughing (Minor) at 15:50, Justin Williams (ANA) for Roughing (Minor) at 18:22

2nd period

No Goal

Penalties :
Josh Gorges (SJS) for Tripping (Minor) at 0:55, Jordan Greenway (SJS) for Roughing (Minor) at 5:28, Radko Gudas (SJS) for Interference (Minor) at 16:08

3rd period

4. ANAHEIM Ducks , Seth Jones 13 (Filip Forsberg 32, Tyler Seguin 40) at 9:51
5. SAN JOSE Sharks , John Mitchell 8 (Mike Matheson 35, Roope Hintz 1) at 16:58
6. ANAHEIM Ducks , Alexander Edler 13 (Vladimir Tarasenko 31, Filip Forsberg 33) at 19:11 (PP)

Penalties :
Jesper Fast (ANA) for Interference (Minor) at 4:42, Josh Gorges (SJS) for Charging (Double Minor) at 18:52

Goalie Stats

Reto Berra (SJS), 39 saves from 43 shots - (0,907), L, 12-16-2, 60:00 minutes
Cam Talbot (ANA), 30 saves from 32 shots - (0,938), W, 47-22-5, 60:00 minutes

Players Stats for SAN JOSE Sharks

Player Name              G  A  P  +/- PIM S  H  SB GA TA FO     MP     PP MP  PK MP  
------------------------------------------------------------------------------------
Brayden McNabb           0  0  0   0  0   1  3  0  0  0  0/0    23:50   2:49   4:56 
Chris Tierney            0  0  0  -1  0   3  0  1  0  0  3/7    15:20   1:50   0:00 
David Schlemko           0  0  0   0  0   0  2  0  0  0  0/0    13:42   0:00   0:00 
Devin Shore              0  0  0  -1  0   0  1  2  0  0  0/0    15:02   1:50   0:00 
Johan Franzen            0  0  0   0  0   0  1  0  0  0  0/1    14:18   0:00   4:16 
John Mitchell            1  0  1   1  0   2  2  0  0  0  5/8     8:41   0:00   0:00 
Jordan Greenway          0  0  0   0  2   0  3  1  0  0  0/1    12:21   2:08   0:00 
Josh Anderson            0  1  1  -1  0   6  3  1  0  0  7/17   20:39   2:08   4:47 
Josh Gorges              0  0  0   0  10  4  3  2  0  0  0/0    18:25   1:09   1:28 
Kyle Connor              0  0  0  -1  0   1  2  0  0  0  5/9    15:52   1:50   0:00 
Marcus Foligno           0  0  0   0  0   1  1  0  0  0  10/16  10:14   0:00   0:00 
Mason Raymond            0  0  0   0  0   0  0  0  0  0  0/0    12:53   0:00   0:00 
Mike Matheson            0  1  1  -1  0   3  4  2  0  0  0/0    22:52   1:09   4:42 
Nick Schmaltz            1  0  1  -1  0   4  1  0  0  0  6/16   20:39   2:08   4:47 
Nick Schultz             0  0  0   0  0   1  5  3  0  0  0/0    17:04   0:00   3:11 
Radko Gudas              0  1  1   0  2   2  1  1  0  0  0/0    23:31   2:49   3:49 
Roope Hintz              0  1  1   1  0   0  2  0  0  0  0/2     8:59   0:00   0:00 
Sven Baertschi           0  0  0   0  0   4  1  0  0  0  4/11   14:30   0:00   4:16 

Players Stats for ANAHEIM Ducks

Player Name              G  A  P  +/- PIM S  H  SB GA TA FO     MP     PP MP  PK MP  
------------------------------------------------------------------------------------
Alexander Edler          2  0  2  -1  0   2  1  1  0  0  0/0    21:41   3:32   1:10 
Dougie Hamilton          0  0  0   0  0   0  2  0  0  0  0/0    12:36   0:00   0:00 
Filip Forsberg           0  2  2   0  0   5  2  0  0  0  1/3    20:56   4:03   0:45 
Jack Johnson             0  0  0   0  0   2  1  1  0  0  0/0    12:36   0:00   0:00 
Jared Spurgeon           0  0  0  -1  0   4  0  3  0  0  0/0    21:41   3:32   1:10 
Jesper Fast              0  1  1   1  2   1  0  0  0  0  0/1     5:34   0:00   0:23 
Joe Thornton             0  0  0  -1  0   2  5  0  0  0  16/26  19:03   5:00   0:00 
John Carlson             0  0  0   2  0   2  1  0  0  0  0/0    25:43   5:31   2:48 
Justin Williams          0  0  0   0  2   3  1  0  0  0  0/0    10:15   0:00   0:00 
Mathew Barzal            1  0  1   1  0   1  0  0  0  0  2/4     5:12   0:00   0:00 
Matt Cullen              0  0  0   1  0   0  0  0  0  0  0/0     5:12   0:00   0:00 
Mikael Granlund          0  0  0  -1  0   2  1  0  0  0  9/15   22:55   5:00   3:13 
Mikko Rantanen           0  0  0  -1  0   5  0  0  0  0  0/0    19:03   5:00   0:00 
Paul Byron               0  1  1   1  0   1  3  0  0  0  1/3    14:18   0:00   3:13 
Seth Jones               1  1  2   2  0   4  0  2  0  0  0/0    25:43   5:31   2:48 
Tyler Seguin             0  1  1   0  2   2  2  0  0  0  17/25  19:31   4:03   0:00 
Tyler Toffoli            0  0  0   0  0   1  0  0  0  0  2/11   11:09   0:00   0:22 
Vladimir Tarasenko       0  2  2   1  0   6  1  1  0  0  0/0    20:52   4:03   0:00 

3 Stars

1 - Seth Jones (ANA)
2 - Alexander Edler (ANA)
3 - Vladimir Tarasenko (ANA)

Power Play

SAN JOSE Sharks - 0 on 2 Attempt(s) - 0,00%
ANAHEIM Ducks - 1 on 6 Attempt(s) - 16,67%

Penalty Kill

SAN JOSE Sharks - 5 on 6 Attempt(s) - 83,33% - Score 0 goal in Penalty Kill
ANAHEIM Ducks - 2 on 2 Attempt(s) - 100,00% - Score 0 goal in Penalty Kill

Team Stat

SAN JOSE Sharks - Hits : 35 - Faceoff Wins : 40 - Blocked Shots : 13 - Penalty Minutes : 14
ANAHEIM Ducks - Hits : 20 - Faceoff Wins : 48 - Blocked Shots : 8 - Penalty Minutes : 6

Official

Referees : Unknown
Linesman : Unknown

Game Notes

No Game Note

Finance

Level 1 -- Attendance: 4873 (81,22%) -- Ticket Income 487 300 $
Level 2 -- Attendance: 4337 (86,74%) -- Ticket Income 260 220 $
Level 3 -- Attendance: 2000 (100,00%) -- Ticket Income 70 000 $
Level 4 -- Attendance: 3901 (97,53%) -- Ticket Income 78 020 $
Luxury Box -- Attendance: 791 (79,10%) -- Ticket Income 158 200 $
Game was played at the Honda Center.
Total Attendance: 15902 (88,34%)
Total Ticket Income: 1 053 740 $
Other Income: 410 959 $
Total Income: 1 464 699 $

SAN JOSE Sharks

5 vs 5 Forward 
   Center                   Left Wing                Right Wing               Time % Phy DF OF 
 1 Josh Anderson            Nick Schmaltz            Mason Raymond            32     1   3  1  
 2 Kyle Connor              Devin Shore              Chris Tierney            26     1   3  1  
 3 Marcus Foligno           Jordan Greenway          Sven Baertschi           24     3   2  0  
 4 John Mitchell            Roope Hintz              Johan Franzen            18     2   2  1  

5 vs 5 Defense 
   Defense                  Defense                                           Time % Phy DF OF 
 1 Brayden McNabb           Radko Gudas                                       38     1   2  2  
 2 Mike Matheson            Josh Gorges                                       30     1   2  2  
 3 David Schlemko           Nick Schultz                                      22     1   2  2  
 4 Nick Schultz             Radko Gudas                                       10     1   2  2  

PowerPlay Forward 
   Center                   Left Wing                Right Wing               Time % Phy DF OF 
 1 Nick Schmaltz            Jordan Greenway          Josh Anderson            60     1   2  2  
 2 Chris Tierney            Kyle Connor              Devin Shore              40     1   2  2  

PowerPlay Defense
   Defense                  Defense                                           Time % Phy DF OF 
 1 Brayden McNabb           Radko Gudas                                       60     1   2  2  
 2 Mike Matheson            Josh Gorges                                       40     1   2  2  

Penalty Kill 4 Players Forward 
   Center                   Wing                     Time % Phy DF OF 
 1 Nick Schmaltz            Josh Anderson            50     3   2  0  
 2 Sven Baertschi           Johan Franzen            50     1   2  2  

Penalty Kill 4 Players Defense
   Defense                  Defense                  Time % Phy DF OF 
 1 Brayden McNabb           Radko Gudas              60     1   2  2  
 2 Mike Matheson            Josh Gorges              40     1   2  2  

Penalty Kill - 3 Players Forward 
   Forward                                           Time % Phy DF OF 
 1 Nick Schmaltz                                     60     1   2  2  
 2 Josh Anderson                                     40     1   2  2  

Penalty Kill - 3 Players Defense
   Defense                  Defense                  Time % Phy DF OF 
 1 Brayden McNabb           Radko Gudas              60     1   2  2  
 2 Mike Matheson            Josh Gorges              40     1   2  2  

4 vs 4 Forward 
   Center                   Wing                     Time % Phy DF OF 
 1 Nick Schmaltz            Josh Anderson            60     1   2  2  
 2 Chris Tierney            Roope Hintz              40     1   2  2  

4 vs 4 Defense
   Defense                  Defense                  Time % Phy DF OF 
 1 Brayden McNabb           Radko Gudas              60     1   2  2  
 2 Mike Matheson            Josh Gorges              40     1   2  2  

Last Minutes Offensive
   Center                   Left Wing                Right Wing               Defense                  Defense                  
   Nick Schmaltz            Kyle Connor              Devin Shore              Brayden McNabb           Radko Gudas              

Last Minutes Defensive
   Center                   Left Wing                Right Wing               Defense                  Defense                  
   Nick Schmaltz            Chris Tierney            Mason Raymond            Brayden McNabb           Radko Gudas              

Goaltenders
Starting : Reto Berra               
Backup : Jaroslav Halak           

Extra Forwards
Normal : Kyle Connor, Johan Franzen, Sven Baertschi - PP : Kyle Connor, Johan Franzen - PK : Marcus Foligno
Extra Defensemen
Normal : David Schlemko, Nick Schultz, Mike Matheson - PP : David Schlemko - PK : Nick Schultz, Mike Matheson
Penalty Shots
Nick Schmaltz, Josh Anderson, Chris Tierney, Jordan Greenway, Roope Hintz

ANAHEIM Ducks

5 vs 5 Forward 
   Center                   Left Wing                Right Wing               Time % Phy DF OF 
 1 Tyler Seguin             Filip Forsberg           Vladimir Tarasenko       40     1   2  2  
 2 Joe Thornton             Mikko Rantanen           Mikael Granlund          30     1   2  2  
 3 Tyler Toffoli            Paul Byron               Justin Williams          20     1   2  2  
 4 Mathew Barzal            Matt Cullen              Jesper Fast              10     1   2  2  

5 vs 5 Defense 
   Defense                  Defense                                           Time % Phy DF OF 
 1 Seth Jones               John Carlson                                      40     1   2  2  
 2 Jared Spurgeon           Alexander Edler                                   30     1   2  2  
 3 Dougie Hamilton          Jack Johnson                                      20     1   2  2  
 4 Seth Jones               John Carlson                                      10     1   2  2  

PowerPlay Forward 
   Center                   Left Wing                Right Wing               Time % Phy DF OF 
 1 Tyler Seguin             Filip Forsberg           Vladimir Tarasenko       60     1   2  2  
 2 Joe Thornton             Mikko Rantanen           Mikael Granlund          40     1   2  2  

PowerPlay Defense
   Defense                  Defense                                           Time % Phy DF OF 
 1 Seth Jones               John Carlson                                      60     1   2  2  
 2 Jared Spurgeon           Alexander Edler                                   40     1   2  2  

Penalty Kill 4 Players Forward 
   Center                   Wing                     Time % Phy DF OF 
 1 Mikael Granlund          Paul Byron               60     1   2  2  
 2 Filip Forsberg           Jesper Fast              40     1   2  2  

Penalty Kill 4 Players Defense
   Defense                  Defense                  Time % Phy DF OF 
 1 Seth Jones               John Carlson             60     1   2  2  
 2 Jared Spurgeon           Alexander Edler          40     1   2  2  

Penalty Kill - 3 Players Forward 
   Forward                                           Time % Phy DF OF 
 1 Mikael Granlund                                   60     1   2  2  
 2 Tyler Seguin                                      40     1   2  2  

Penalty Kill - 3 Players Defense
   Defense                  Defense                  Time % Phy DF OF 
 1 Seth Jones               John Carlson             60     1   2  2  
 2 Jared Spurgeon           Alexander Edler          40     1   2  2  

4 vs 4 Forward 
   Center                   Wing                     Time % Phy DF OF 
 1 Tyler Seguin             Vladimir Tarasenko       60     1   2  2  
 2 Mikael Granlund          Filip Forsberg           40     1   2  2  

4 vs 4 Defense
   Defense                  Defense                  Time % Phy DF OF 
 1 Seth Jones               John Carlson             60     1   2  2  
 2 Jared Spurgeon           Alexander Edler          40     1   2  2  

Last Minutes Offensive
   Center                   Left Wing                Right Wing               Defense                  Defense                  
   Tyler Seguin             Filip Forsberg           Vladimir Tarasenko       Seth Jones               John Carlson             

Last Minutes Defensive
   Center                   Left Wing                Right Wing               Defense                  Defense                  
   Tyler Seguin             Filip Forsberg           Vladimir Tarasenko       Seth Jones               John Carlson             

Goaltenders
Starting : Cam Talbot               
Backup : J-F Berube               

Extra Forwards
Normal : Tyler Seguin, Paul Byron, Tyler Toffoli - PP : Mikael Granlund, Paul Byron - PK : Tyler Toffoli
Extra Defensemen
Normal : Dougie Hamilton, Seth Jones, Jared Spurgeon - PP : Dougie Hamilton - PK : John Carlson, Jared Spurgeon
Penalty Shots
Vladimir Tarasenko, Tyler Seguin, Filip Forsberg, Mikael Granlund, Dougie Hamilton


% Time on Ice - SAN JOSE Sharks

Lines # - Real PCT - Wanted PCT - Time Play
Normal Forward
1 - 29% - 32% - 12:53
2 - 29% - 26% - 13:12
3 - 23% - 24% - 10:14
4 - 19% - 18% - 8:41
Normal Defense
1 - 34% - 38% - 15:15
2 - 35% - 30% - 15:52
3 - 29% - 22% - 13:04
4 - 2% - 10% - 0:49
PP Forward
1 - 54% - 60% - 2:08
2 - 46% - 40% - 1:50
PP Defense
1 - 71% - 60% - 2:49
2 - 29% - 40% - 1:09
PK Forward
1 - 53% - 50% - 4:47
2 - 47% - 50% - 4:16
PK Defense
1 - 55% - 60% - 4:56
2 - 45% - 40% - 4:07
PK3 Forward
1 - 0% - 60%
2 - 0% - 40%
PK3 Defense
1 - 0% - 60%
2 - 0% - 40%
44 Forward
1 - 85% - 60% - 1:41
2 - 15% - 40% - 0:18
44 Defense
1 - 42% - 60% - 0:50
2 - 58% - 40% - 1:09
Last Minute Offensive  - 0:00
Last Minute Defensive  - 0:00
Total
Forward - 60:00
Defense - 60:00

% Time on Ice - ANAHEIM Ducks

Lines # - Real PCT - Wanted PCT - Time Play
Normal Forward
1 - 34% - 40% - 15:29
2 - 31% - 30% - 14:03
3 - 23% - 20% - 10:16
4 - 12% - 10% - 5:12
Normal Defense
1 - 35% - 40% - 15:47
2 - 35% - 30% - 15:57
3 - 28% - 20% - 12:36
4 - 1% - 10% - 0:40
PP Forward
1 - 45% - 60% - 4:03
2 - 55% - 40% - 5:00
PP Defense
1 - 61% - 60% - 5:31
2 - 39% - 40% - 3:32
PK Forward
1 - 81% - 60% - 3:13
2 - 19% - 40% - 0:45
PK Defense
1 - 71% - 60% - 2:48
2 - 29% - 40% - 1:10
PK3 Forward
1 - 0% - 60%
2 - 0% - 40%
PK3 Defense
1 - 0% - 60%
2 - 0% - 40%
44 Forward
1 - 67% - 60% - 1:20
2 - 33% - 40% - 0:39
44 Defense
1 - 48% - 60% - 0:57
2 - 52% - 40% - 1:02
Last Minute Offensive  - 0:00
Last Minute Defensive  - 0:00
Total
Forward - 60:00
Defense - 60:00

Play-by-Play

1st period


0:01 of 1st period - Tyler Seguin wins face-off versus Josh Anderson in neutral zone.
0:33 of 1st period - Shot by Filip Forsberg.
0:33 of 1st period - Shot Misses the Net.
0:40 of 1st period - Filip Forsberg is hit by Brayden McNabb and loses puck.
0:45 of 1st period - Shot by Vladimir Tarasenko.
0:45 of 1st period - Deflect By Filip Forsberg.
0:45 of 1st period - Shot Misses the Net.
1:04 of 1st period - Icing by Alexander Edler.
1:05 of 1st period - Mikael Granlund wins face-off versus Marcus Foligno in ANAHEIM Ducks zone.
1:05 of 1st period - Mikael Granlund is hit by Jordan Greenway.
1:10 of 1st period - Jared Spurgeon is hit by Mike Matheson and loses puck.
1:27 of 1st period - Shot by Sven Baertschi.
1:27 of 1st period - Stopped by Cam Talbot without a rebound.
1:28 of 1st period - Kyle Connor wins face-off versus Tyler Toffoli in ANAHEIM Ducks zone.
1:59 of 1st period - Shot by David Schlemko.
1:59 of 1st period - Shot Misses the Net.
2:01 of 1st period - Shot by Nick Schultz.
2:01 of 1st period - Stopped by Cam Talbot with a rebound.
2:27 of 1st period - Shot by Josh Gorges.
2:27 of 1st period - Stopped by Cam Talbot with a rebound.
2:29 of 1st period - Shot by Josh Gorges.
2:29 of 1st period - Stopped by Cam Talbot without a rebound.
2:30 of 1st period - Sven Baertschi wins face-off versus Mathew Barzal in ANAHEIM Ducks zone.
2:33 of 1st period - Shot by Sven Baertschi.
2:33 of 1st period - Stopped by Cam Talbot without a rebound.
2:34 of 1st period - Marcus Foligno wins face-off versus Jesper Fast in ANAHEIM Ducks zone.
2:43 of 1st period - Shot by Sven Baertschi.
2:43 of 1st period - Shot Blocked by Seth Jones.
2:53 of 1st period - John Carlson is hit by Jordan Greenway and loses puck.
3:09 of 1st period - Shot by Marcus Foligno.
3:09 of 1st period - Stopped by Cam Talbot without a rebound.
3:10 of 1st period - Tyler Seguin wins face-off versus John Mitchell in ANAHEIM Ducks zone.
3:10 of 1st period - Tyler Seguin is hit by John Mitchell.
3:26 of 1st period - Shot by Roope Hintz.
3:26 of 1st period - Shot Misses the Net.
3:57 of 1st period - Jared Spurgeon is hit by Nick Schultz and loses puck.
4:24 of 1st period - Shot by Mikael Granlund.
4:24 of 1st period - Shot Misses the Net.
4:38 of 1st period - Shot by Mikko Rantanen.
4:38 of 1st period - Stopped by Reto Berra without a rebound.
4:39 of 1st period - Tyler Toffoli wins face-off versus Josh Anderson in SAN JOSE Sharks zone.
4:39 of 1st period - Dougie Hamilton is hit by Josh Gorges and loses puck.
4:49 of 1st period - Josh Anderson is hit by Dougie Hamilton and loses puck.
5:08 of 1st period - Shot by Josh Anderson.
5:08 of 1st period - Shot Misses the Net.
5:10 of 1st period - Shot by Nick Schmaltz.
5:10 of 1st period - Deflect By Josh Anderson.
5:10 of 1st period - Shot Misses the Net.
5:42 of 1st period - Shot by Marcus Foligno.
5:42 of 1st period - Shot Misses the Net.
5:44 of 1st period - Shot by Sven Baertschi.
5:44 of 1st period - Shot Misses the Net.
5:46 of 1st period - Shot by Brayden McNabb.
5:46 of 1st period - Shot Misses the Net.
5:48 of 1st period - Shot by Sven Baertschi.
5:48 of 1st period - Stopped by Cam Talbot with a rebound.
6:00 of 1st period - Shot by Marcus Foligno.
6:00 of 1st period - Shot Misses the Net.
7:14 of 1st period - Shot by Filip Forsberg.
7:14 of 1st period - Shot Misses the Net.
7:36 of 1st period - Shot by Devin Shore.
7:36 of 1st period - Shot Misses the Net.
7:46 of 1st period - Shot by Joe Thornton.
7:46 of 1st period - Shot Misses the Net.
7:48 of 1st period - Shot by Jared Spurgeon.
7:48 of 1st period - Deflect By Mikko Rantanen.
7:48 of 1st period - Stopped by Reto Berra with a rebound.
7:50 of 1st period - Shot by Mikael Granlund.
7:50 of 1st period - Shot Blocked by Devin Shore.
8:48 of 1st period - Shot by Jesper Fast.
8:48 of 1st period - Deflect By Mathew Barzal.
8:48 of 1st period - Shot Misses the Net.
8:50 of 1st period - Shot by Mathew Barzal.
8:50 of 1st period - Goal by Mathew Barzal - SAN JOSE Sharks : 0 - ANAHEIM Ducks : 1.
8:51 of 1st period - Josh Anderson wins face-off versus Tyler Seguin in neutral zone.
8:56 of 1st period - Shot by Nick Schmaltz.
8:56 of 1st period - Goal by Nick Schmaltz - SAN JOSE Sharks : 1 - ANAHEIM Ducks : 1.
8:57 of 1st period - Tyler Seguin wins face-off versus Josh Anderson in neutral zone.
9:09 of 1st period - Shot by Brayden McNabb.
9:09 of 1st period - Shot Misses the Net.
9:29 of 1st period - Shot by Josh Anderson.
9:29 of 1st period - Shot Misses the Net.
9:34 of 1st period - Off-side.
9:35 of 1st period - Marcus Foligno wins face-off versus Joe Thornton in neutral zone.
10:03 of 1st period - Icing by David Schlemko.
10:04 of 1st period - Mathew Barzal wins face-off versus Marcus Foligno in SAN JOSE Sharks zone.
10:04 of 1st period - Mathew Barzal is hit by Nick Schultz.
11:03 of 1st period - Shot by Filip Forsberg.
11:03 of 1st period - Shot Blocked by Nick Schultz.
11:09 of 1st period - Shot by Filip Forsberg.
11:09 of 1st period - Stopped by Reto Berra with a rebound.
11:22 of 1st period - Tyler Seguin is hit by Nick Schultz.
11:31 of 1st period - Icing by Nick Schultz.
11:32 of 1st period - Marcus Foligno wins face-off versus Joe Thornton in SAN JOSE Sharks zone.
11:51 of 1st period - Shot by Joe Thornton.
11:51 of 1st period - Shot Misses the Net.
12:49 of 1st period - Shot by Justin Williams.
12:49 of 1st period - Stopped by Reto Berra without a rebound.
12:50 of 1st period - John Mitchell wins face-off versus Tyler Seguin in SAN JOSE Sharks zone.
13:08 of 1st period - Minor Penalty to Tyler Seguin for High sticking.
13:08 of 1st period - Minor Penalty to Josh Gorges for Holding.
13:09 of 1st period - Nick Schmaltz wins face-off versus Paul Byron in SAN JOSE Sharks zone.
13:09 of 1st period - Nick Schmaltz is hit by Vladimir Tarasenko.
13:21 of 1st period - Shot by Nick Schmaltz.
13:21 of 1st period - Shot Misses the Net.
13:37 of 1st period - Shot by Vladimir Tarasenko.
13:37 of 1st period - Shot Misses the Net.
13:39 of 1st period - Shot by Alexander Edler.
13:39 of 1st period - Goal by Alexander Edler - SAN JOSE Sharks : 1 - ANAHEIM Ducks : 2.
13:40 of 1st period - Paul Byron wins face-off versus Chris Tierney in neutral zone.
13:57 of 1st period - Shot by Chris Tierney.
13:57 of 1st period - Stopped by Cam Talbot without a rebound.
13:58 of 1st period - Kyle Connor wins face-off versus Tyler Toffoli in ANAHEIM Ducks zone.
14:11 of 1st period - Shot by Kyle Connor.
14:11 of 1st period - Shot Blocked by Vladimir Tarasenko.
14:28 of 1st period - Icing by Brayden McNabb.
14:29 of 1st period - Mikael Granlund wins face-off versus Kyle Connor in SAN JOSE Sharks zone.
14:42 of 1st period - Mikael Granlund is hit by Johan Franzen and loses puck.
15:10 of 1st period - Filip Forsberg is hit by Mike Matheson.
15:35 of 1st period - Jesper Fast is hit by Mike Matheson and loses puck.
15:42 of 1st period - Shot by Mathew Barzal.
15:42 of 1st period - Shot Misses the Net.
15:44 of 1st period - Shot by Jared Spurgeon.
15:44 of 1st period - Shot Blocked by Jordan Greenway.
15:49 of 1st period - Jesper Fast is hit by Josh Gorges and loses puck.
15:50 of 1st period - Minor Penalty to Josh Gorges for Roughing.
15:51 of 1st period - Joe Thornton wins face-off versus Nick Schmaltz in SAN JOSE Sharks zone.
16:04 of 1st period - Shot by Mikko Rantanen.
16:04 of 1st period - Stopped by Reto Berra without a rebound.
16:05 of 1st period - Tyler Seguin wins face-off versus Nick Schmaltz in SAN JOSE Sharks zone.
16:42 of 1st period - Shot by John Carlson.
16:42 of 1st period - Deflect By Vladimir Tarasenko.
16:42 of 1st period - Shot Hit the Post.
16:44 of 1st period - Shot by Tyler Seguin.
16:44 of 1st period - Stopped by Reto Berra without a rebound.
16:45 of 1st period - Joe Thornton wins face-off versus Sven Baertschi in SAN JOSE Sharks zone.
16:59 of 1st period - Jared Spurgeon is hit by Radko Gudas.
17:54 of 1st period - Icing by Jack Johnson.
17:55 of 1st period - Kyle Connor wins face-off versus Tyler Toffoli in ANAHEIM Ducks zone.
17:56 of 1st period - Shot by Devin Shore.
17:56 of 1st period - Shot Misses the Net.
18:22 of 1st period - Minor Penalty to Justin Williams for Roughing.
18:23 of 1st period - Mikael Granlund wins face-off versus Jordan Greenway in ANAHEIM Ducks zone.
18:43 of 1st period - Shot by Mike Matheson.
18:43 of 1st period - Stopped by Cam Talbot without a rebound.
18:44 of 1st period - Mikael Granlund wins face-off versus Chris Tierney in ANAHEIM Ducks zone.
18:44 of 1st period - Mikael Granlund is hit by Kyle Connor.
19:10 of 1st period - Shot by Kyle Connor.
19:10 of 1st period - Stopped by Cam Talbot without a rebound.
19:11 of 1st period - Josh Anderson wins face-off versus Filip Forsberg in ANAHEIM Ducks zone.
19:14 of 1st period - Shot by Nick Schmaltz.
19:14 of 1st period - Stopped by Cam Talbot without a rebound.
19:15 of 1st period - Mikael Granlund wins face-off versus Nick Schmaltz in ANAHEIM Ducks zone.
19:26 of 1st period - Shot by Josh Anderson.
19:26 of 1st period - Stopped by Cam Talbot without a rebound.
19:27 of 1st period - Mikael Granlund wins face-off versus Chris Tierney in ANAHEIM Ducks zone.
19:27 of 1st period - Mikael Granlund is hit by Devin Shore.
19:30 of 1st period - John Carlson is hit by Kyle Connor and loses puck.
Goals for this period are 1 for SAN JOSE Sharks vs 2 for ANAHEIM Ducks.
Shots for this period are 13 for SAN JOSE Sharks vs 8 for ANAHEIM Ducks.

2nd period


0:01 of 2nd period - Mikael Granlund wins face-off versus Nick Schmaltz in neutral zone.
0:12 of 2nd period - Nick Schmaltz is hit by Mikael Granlund and loses puck.
0:19 of 2nd period - Shot by Brayden McNabb.
0:19 of 2nd period - Shot Misses the Net.
0:21 of 2nd period - Shot by Brayden McNabb.
0:21 of 2nd period - Stopped by Cam Talbot without a rebound.
0:22 of 2nd period - Kyle Connor wins face-off versus Tyler Seguin in ANAHEIM Ducks zone.
0:33 of 2nd period - Shot by Kyle Connor.
0:33 of 2nd period - Shot Blocked by Jared Spurgeon.
0:42 of 2nd period - Kyle Connor is hit by Alexander Edler.
0:55 of 2nd period - Minor Penalty to Josh Gorges for Tripping.
0:56 of 2nd period - Nick Schmaltz wins face-off versus Joe Thornton in SAN JOSE Sharks zone.
1:05 of 2nd period - Radko Gudas is hit by Joe Thornton and loses puck.
1:12 of 2nd period - Shot by Seth Jones.
1:12 of 2nd period - Shot Misses the Net.
1:14 of 2nd period - Shot by Seth Jones.
1:14 of 2nd period - Stopped by Reto Berra without a rebound.
1:15 of 2nd period - Nick Schmaltz wins face-off versus Tyler Seguin in SAN JOSE Sharks zone.
1:36 of 2nd period - Shot by Jared Spurgeon.
1:36 of 2nd period - Shot Misses the Net.
1:38 of 2nd period - Shot by Vladimir Tarasenko.
1:38 of 2nd period - Stopped by Reto Berra without a rebound.
1:39 of 2nd period - Joe Thornton wins face-off versus Johan Franzen in SAN JOSE Sharks zone.
2:16 of 2nd period - Icing by John Carlson.
2:17 of 2nd period - Sven Baertschi wins face-off versus Mikael Granlund in ANAHEIM Ducks zone.
2:26 of 2nd period - Mikko Rantanen is hit by Sven Baertschi.
3:01 of 2nd period - Kyle Connor is hit by Justin Williams and loses puck.
4:24 of 2nd period - Shot by Tyler Seguin.
4:24 of 2nd period - Stopped by Reto Berra without a rebound.
4:25 of 2nd period - Mikael Granlund wins face-off versus Josh Anderson in SAN JOSE Sharks zone.
4:40 of 2nd period - Shot by Mikael Granlund.
4:40 of 2nd period - Shot Misses the Net.
5:07 of 2nd period - Off-side.
5:08 of 2nd period - John Mitchell wins face-off versus Tyler Seguin in neutral zone.
5:17 of 2nd period - Shot by Roope Hintz.
5:17 of 2nd period - Shot Blocked by Alexander Edler.
5:21 of 2nd period - Shot by John Mitchell.
5:21 of 2nd period - Shot Misses the Net.
5:23 of 2nd period - Shot by John Mitchell.
5:23 of 2nd period - Stopped by Cam Talbot without a rebound.
5:24 of 2nd period - Marcus Foligno wins face-off versus Tyler Toffoli in ANAHEIM Ducks zone.
5:28 of 2nd period - Minor Penalty to Jordan Greenway for Roughing.
5:29 of 2nd period - Sven Baertschi wins face-off versus Tyler Seguin in SAN JOSE Sharks zone.
5:42 of 2nd period - Shot by John Carlson.
5:42 of 2nd period - Shot Misses the Net.
5:44 of 2nd period - Shot by John Carlson.
5:44 of 2nd period - Stopped by Reto Berra without a rebound.
5:45 of 2nd period - Joe Thornton wins face-off versus Sven Baertschi in SAN JOSE Sharks zone.
6:26 of 2nd period - Shot by Jared Spurgeon.
6:26 of 2nd period - Stopped by Reto Berra without a rebound.
6:27 of 2nd period - Tyler Seguin wins face-off versus Nick Schmaltz in SAN JOSE Sharks zone.
6:28 of 2nd period - Shot by Filip Forsberg.
6:28 of 2nd period - Stopped by Reto Berra without a rebound.
6:29 of 2nd period - Tyler Seguin wins face-off versus Sven Baertschi in SAN JOSE Sharks zone.
6:32 of 2nd period - Shot by Filip Forsberg.
6:32 of 2nd period - Deflect By Vladimir Tarasenko.
6:32 of 2nd period - Stopped by Reto Berra without a rebound.
6:33 of 2nd period - Tyler Seguin wins face-off versus Sven Baertschi in SAN JOSE Sharks zone.
6:34 of 2nd period - Shot by Vladimir Tarasenko.
6:34 of 2nd period - Stopped by Reto Berra without a rebound.
6:35 of 2nd period - Sven Baertschi wins face-off versus Filip Forsberg in SAN JOSE Sharks zone.
6:35 of 2nd period - Sven Baertschi is hit by Tyler Seguin.
6:49 of 2nd period - Shot by Filip Forsberg.
6:49 of 2nd period - Stopped by Reto Berra without a rebound.
6:50 of 2nd period - Joe Thornton wins face-off versus Josh Anderson in SAN JOSE Sharks zone.
6:53 of 2nd period - Shot by Joe Thornton.
6:53 of 2nd period - Shot Misses the Net.
7:03 of 2nd period - Shot by Mikael Granlund.
7:03 of 2nd period - Stopped by Reto Berra without a rebound.
7:04 of 2nd period - Tyler Seguin wins face-off versus Sven Baertschi in SAN JOSE Sharks zone.
7:19 of 2nd period - Shot by Filip Forsberg.
7:19 of 2nd period - Shot Blocked by Radko Gudas.
7:27 of 2nd period - Shot by Vladimir Tarasenko.
7:27 of 2nd period - Shot Misses the Net.
7:41 of 2nd period - Alexander Edler is hit by Josh Anderson.
8:16 of 2nd period - Nick Schmaltz is hit by Joe Thornton and loses puck.
8:24 of 2nd period - Icing by Mike Matheson.
8:25 of 2nd period - Josh Anderson wins face-off versus Tyler Seguin in SAN JOSE Sharks zone.
9:05 of 2nd period - Off-side.
9:06 of 2nd period - Marcus Foligno wins face-off versus Tyler Toffoli in neutral zone.
9:06 of 2nd period - Sven Baertschi is hit by Paul Byron and loses puck.
9:25 of 2nd period - Shot by Justin Williams.
9:25 of 2nd period - Stopped by Reto Berra without a rebound.
9:26 of 2nd period - Kyle Connor wins face-off versus Joe Thornton in SAN JOSE Sharks zone.
9:26 of 2nd period - Kyle Connor is hit by Joe Thornton.
9:53 of 2nd period - Shot by Chris Tierney.
9:53 of 2nd period - Shot Blocked by Jared Spurgeon.
9:58 of 2nd period - Icing by Mikael Granlund.
9:59 of 2nd period - Joe Thornton wins face-off versus John Mitchell in ANAHEIM Ducks zone.
9:59 of 2nd period - Mikko Rantanen is hit by Roope Hintz and loses puck.
11:28 of 2nd period - Icing by Nick Schmaltz.
11:29 of 2nd period - Josh Anderson wins face-off versus Tyler Toffoli in SAN JOSE Sharks zone.
11:33 of 2nd period - Mason Raymond is hit by Paul Byron and loses puck.
12:09 of 2nd period - Shot by Dougie Hamilton.
12:09 of 2nd period - Shot Misses the Net.
12:20 of 2nd period - Icing by Brayden McNabb.
12:21 of 2nd period - Marcus Foligno wins face-off versus Joe Thornton in SAN JOSE Sharks zone.
13:34 of 2nd period - Shot by Jared Spurgeon.
13:34 of 2nd period - Stopped by Reto Berra with a rebound.
13:36 of 2nd period - Shot by Filip Forsberg.
13:36 of 2nd period - Stopped by Reto Berra without a rebound.
13:37 of 2nd period - Tyler Toffoli wins face-off versus Josh Anderson in SAN JOSE Sharks zone.
13:39 of 2nd period - Justin Williams is hit by Mike Matheson and loses puck.
13:56 of 2nd period - Shot by Justin Williams.
13:56 of 2nd period - Deflect By Tyler Toffoli.
13:56 of 2nd period - Shot Misses the Net.
13:58 of 2nd period - Shot by Paul Byron.
13:58 of 2nd period - Shot Misses the Net.
14:00 of 2nd period - Shot by Jack Johnson.
14:00 of 2nd period - Shot Blocked by Josh Gorges.
14:02 of 2nd period - Shot by Jack Johnson.
14:02 of 2nd period - Stopped by Reto Berra without a rebound.
14:03 of 2nd period - Tyler Seguin wins face-off versus Kyle Connor in SAN JOSE Sharks zone.
14:03 of 2nd period - Alexander Edler is hit by Nick Schultz and loses puck.
14:23 of 2nd period - Shot by Chris Tierney.
14:23 of 2nd period - Stopped by Cam Talbot without a rebound.
14:24 of 2nd period - Joe Thornton wins face-off versus Roope Hintz in ANAHEIM Ducks zone.
15:26 of 2nd period - Shot by Jared Spurgeon.
15:26 of 2nd period - Shot Misses the Net.
15:38 of 2nd period - Shot by Vladimir Tarasenko.
15:38 of 2nd period - Stopped by Reto Berra without a rebound.
15:39 of 2nd period - Chris Tierney wins face-off versus Mathew Barzal in SAN JOSE Sharks zone.
15:58 of 2nd period - Mathew Barzal is hit by Brayden McNabb and loses puck.
16:07 of 2nd period - Shot by Mathew Barzal.
16:07 of 2nd period - Shot Misses the Net.
16:08 of 2nd period - Minor Penalty to Radko Gudas for Interference.
16:09 of 2nd period - Filip Forsberg wins face-off versus Nick Schmaltz in SAN JOSE Sharks zone.
16:31 of 2nd period - Tyler Seguin is hit by Josh Gorges and loses puck.
16:40 of 2nd period - Shot by Filip Forsberg.
16:40 of 2nd period - Shot Blocked by Josh Anderson.
16:42 of 2nd period - Shot by John Carlson.
16:42 of 2nd period - Stopped by Reto Berra without a rebound.
16:43 of 2nd period - Joe Thornton wins face-off versus Sven Baertschi in SAN JOSE Sharks zone.
17:14 of 2nd period - Shot by Alexander Edler.
17:14 of 2nd period - Shot Misses the Net.
17:18 of 2nd period - Shot by Mikko Rantanen.
17:18 of 2nd period - Shot Misses the Net.
17:24 of 2nd period - Shot by Mikael Granlund.
17:24 of 2nd period - Stopped by Reto Berra without a rebound.
17:25 of 2nd period - Tyler Seguin wins face-off versus Sven Baertschi in SAN JOSE Sharks zone.
17:54 of 2nd period - Shot by Tyler Seguin.
17:54 of 2nd period - Shot Misses the Net.
18:34 of 2nd period - Shot by Justin Williams.
18:34 of 2nd period - Shot Misses the Net.
18:36 of 2nd period - Shot by Dougie Hamilton.
18:36 of 2nd period - Shot Misses the Net.
18:38 of 2nd period - Shot by Tyler Toffoli.
18:38 of 2nd period - Shot Blocked by Chris Tierney.
18:40 of 2nd period - Shot by Jack Johnson.
18:40 of 2nd period - Stopped by Reto Berra with a rebound.
19:25 of 2nd period - Alexander Edler is hit by Josh Anderson.
19:35 of 2nd period - Mikael Granlund is hit by Nick Schmaltz and loses puck.
19:41 of 2nd period - Off-side.
19:42 of 2nd period - Tyler Seguin wins face-off versus Marcus Foligno in neutral zone.
19:49 of 2nd period - Shot by Filip Forsberg.
19:49 of 2nd period - Shot Misses the Net.
19:59 of 2nd period - Shot by Sven Baertschi.
19:59 of 2nd period - Stopped by Cam Talbot without a rebound.
Goals for this period are 0 for SAN JOSE Sharks vs 0 for ANAHEIM Ducks.
Shots for this period are 4 for SAN JOSE Sharks vs 18 for ANAHEIM Ducks.

3rd period


0:01 of 3rd period - Josh Anderson wins face-off versus Tyler Seguin in neutral zone.
0:26 of 3rd period - Shot by Josh Anderson.
0:26 of 3rd period - Stopped by Cam Talbot without a rebound.
0:27 of 3rd period - Joe Thornton wins face-off versus Roope Hintz in ANAHEIM Ducks zone.
0:42 of 3rd period - Shot by Mikko Rantanen.
0:42 of 3rd period - Stopped by Reto Berra with a rebound.
0:44 of 3rd period - Shot by Joe Thornton.
0:44 of 3rd period - Shot Misses the Net.
1:26 of 3rd period - Josh Gorges is hit by Tyler Seguin and loses puck.
1:41 of 3rd period - Shot by Nick Schmaltz.
1:41 of 3rd period - Stopped by Cam Talbot with a rebound.
1:43 of 3rd period - Shot by Nick Schmaltz.
1:43 of 3rd period - Shot Misses the Net.
1:45 of 3rd period - Shot by Josh Anderson.
1:45 of 3rd period - Stopped by Cam Talbot without a rebound.
1:46 of 3rd period - Marcus Foligno wins face-off versus Tyler Toffoli in ANAHEIM Ducks zone.
1:46 of 3rd period - David Schlemko is hit by Dougie Hamilton and loses puck.
1:59 of 3rd period - Shot by Tyler Toffoli.
1:59 of 3rd period - Stopped by Reto Berra without a rebound.
2:00 of 3rd period - Tyler Seguin wins face-off versus Josh Anderson in SAN JOSE Sharks zone.
2:18 of 3rd period - Filip Forsberg is hit by Brayden McNabb.
2:22 of 3rd period - Shot by Vladimir Tarasenko.
2:22 of 3rd period - Stopped by Reto Berra without a rebound.
2:23 of 3rd period - Joe Thornton wins face-off versus Kyle Connor in SAN JOSE Sharks zone.
2:23 of 3rd period - Joe Thornton is hit by Nick Schultz.
2:47 of 3rd period - Shot by Kyle Connor.
2:47 of 3rd period - Shot Misses the Net.
2:56 of 3rd period - Mikko Rantanen is hit by David Schlemko and loses puck.
4:15 of 3rd period - Shot by Paul Byron.
4:15 of 3rd period - Stopped by Reto Berra with a rebound.
4:17 of 3rd period - Shot by Paul Byron.
4:17 of 3rd period - Deflect By Justin Williams.
4:17 of 3rd period - Stopped by Reto Berra without a rebound.
4:18 of 3rd period - Mathew Barzal wins face-off versus Marcus Foligno in SAN JOSE Sharks zone.
4:42 of 3rd period - Minor Penalty to Jesper Fast for Interference.
4:43 of 3rd period - Mikael Granlund wins face-off versus Chris Tierney in ANAHEIM Ducks zone.
5:00 of 3rd period - Shot by Devin Shore.
5:00 of 3rd period - Shot Blocked by Jared Spurgeon.
5:02 of 3rd period - Shot by Josh Gorges.
5:02 of 3rd period - Stopped by Cam Talbot without a rebound.
5:03 of 3rd period - Nick Schmaltz wins face-off versus Mikael Granlund in ANAHEIM Ducks zone.
5:19 of 3rd period - Josh Anderson is hit by John Carlson and loses puck.
5:22 of 3rd period - Shot by Josh Anderson.
5:22 of 3rd period - Stopped by Cam Talbot without a rebound.
5:23 of 3rd period - Chris Tierney wins face-off versus Mikael Granlund in ANAHEIM Ducks zone.
5:26 of 3rd period - Shot by Josh Gorges.
5:26 of 3rd period - Stopped by Cam Talbot without a rebound.
5:27 of 3rd period - Chris Tierney wins face-off versus Mikael Granlund in ANAHEIM Ducks zone.
5:28 of 3rd period - Shot by Kyle Connor.
5:28 of 3rd period - Shot Misses the Net.
5:30 of 3rd period - Shot by Chris Tierney.
5:30 of 3rd period - Stopped by Cam Talbot with a rebound.
5:52 of 3rd period - Shot by Radko Gudas.
5:52 of 3rd period - Stopped by Cam Talbot without a rebound.
5:53 of 3rd period - Nick Schmaltz wins face-off versus Mikael Granlund in ANAHEIM Ducks zone.
5:54 of 3rd period - Shot by Mike Matheson.
5:54 of 3rd period - Stopped by Cam Talbot without a rebound.
5:55 of 3rd period - Nick Schmaltz wins face-off versus Mikael Granlund in ANAHEIM Ducks zone.
6:00 of 3rd period - Shot by Nick Schmaltz.
6:00 of 3rd period - Deflect By Josh Anderson.
6:00 of 3rd period - Stopped by Cam Talbot without a rebound.
6:01 of 3rd period - Josh Anderson wins face-off versus Paul Byron in ANAHEIM Ducks zone.
6:35 of 3rd period - Shot by Radko Gudas.
6:35 of 3rd period - Shot Blocked by Seth Jones.
6:46 of 3rd period - Devin Shore is hit by Jack Johnson and loses puck.
7:01 of 3rd period - Shot by Devin Shore.
7:01 of 3rd period - Shot Blocked by Jack Johnson.
7:25 of 3rd period - Shot by Jesper Fast.
7:25 of 3rd period - Shot Blocked by Josh Gorges.
7:47 of 3rd period - Shot by Filip Forsberg.
7:47 of 3rd period - Shot Misses the Net.
7:49 of 3rd period - Shot by Seth Jones.
7:49 of 3rd period - Stopped by Reto Berra without a rebound.
7:50 of 3rd period - John Mitchell wins face-off versus Joe Thornton in SAN JOSE Sharks zone.
7:55 of 3rd period - Jared Spurgeon is hit by Roope Hintz and loses puck.
8:24 of 3rd period - Alexander Edler is hit by John Mitchell and loses puck.
9:14 of 3rd period - John Carlson is hit by Josh Anderson and loses puck.
9:49 of 3rd period - Shot by Filip Forsberg.
9:49 of 3rd period - Stopped by Reto Berra with a rebound.
9:51 of 3rd period - Shot by Seth Jones.
9:51 of 3rd period - Goal by Seth Jones - SAN JOSE Sharks : 1 - ANAHEIM Ducks : 3.
9:52 of 3rd period - Marcus Foligno wins face-off versus Tyler Toffoli in neutral zone.
9:55 of 3rd period - Tyler Toffoli is hit by Marcus Foligno and loses puck.
10:09 of 3rd period - Shot by Marcus Foligno.
10:09 of 3rd period - Shot Misses the Net.
10:11 of 3rd period - Shot by Josh Gorges.
10:11 of 3rd period - Shot Misses the Net.
10:19 of 3rd period - Shot by Sven Baertschi.
10:19 of 3rd period - Shot Misses the Net.
11:21 of 3rd period - Shot by Mathew Barzal.
11:21 of 3rd period - Shot Misses the Net.
11:23 of 3rd period - Shot by Matt Cullen.
11:23 of 3rd period - Deflect By Jesper Fast.
11:23 of 3rd period - Stopped by Reto Berra with a rebound.
12:14 of 3rd period - Icing by Devin Shore.
12:15 of 3rd period - Joe Thornton wins face-off versus Kyle Connor in SAN JOSE Sharks zone.
12:52 of 3rd period - Mikko Rantanen is hit by David Schlemko and loses puck.
12:55 of 3rd period - Shot by Mikko Rantanen.
12:55 of 3rd period - Shot Misses the Net.
12:57 of 3rd period - Shot by Dougie Hamilton.
12:57 of 3rd period - Shot Misses the Net.
12:59 of 3rd period - Shot by Mikko Rantanen.
12:59 of 3rd period - Shot Blocked by Devin Shore.
13:17 of 3rd period - Shot by Justin Williams.
13:17 of 3rd period - Shot Misses the Net.
14:22 of 3rd period - Icing by Alexander Edler.
14:23 of 3rd period - Tyler Seguin wins face-off versus Marcus Foligno in ANAHEIM Ducks zone.
14:35 of 3rd period - Shot by Mike Matheson.
14:35 of 3rd period - Stopped by Cam Talbot without a rebound.
14:36 of 3rd period - Joe Thornton wins face-off versus John Mitchell in ANAHEIM Ducks zone.
15:00 of 3rd period - Icing by Joe Thornton.
15:01 of 3rd period - Marcus Foligno wins face-off versus Joe Thornton in ANAHEIM Ducks zone.
15:02 of 3rd period - Shot by Radko Gudas.
15:02 of 3rd period - Stopped by Cam Talbot without a rebound.
15:03 of 3rd period - Tyler Seguin wins face-off versus Marcus Foligno in ANAHEIM Ducks zone.
15:08 of 3rd period - John Carlson is hit by Jordan Greenway and loses puck.
15:41 of 3rd period - Brayden McNabb is hit by Filip Forsberg and loses puck.
15:58 of 3rd period - Brayden McNabb is hit by Filip Forsberg and loses puck.
16:10 of 3rd period - Off-side.
16:11 of 3rd period - Josh Anderson wins face-off versus Joe Thornton in neutral zone.
16:11 of 3rd period - Josh Anderson is hit by Joe Thornton.
16:17 of 3rd period - Shot by Josh Anderson.
16:17 of 3rd period - Stopped by Cam Talbot without a rebound.
16:18 of 3rd period - Joe Thornton wins face-off versus Josh Anderson in ANAHEIM Ducks zone.
16:20 of 3rd period - Icing by Mikael Granlund.
16:21 of 3rd period - Joe Thornton wins face-off versus Josh Anderson in ANAHEIM Ducks zone.
16:28 of 3rd period - Shot by Mikael Granlund.
16:28 of 3rd period - Deflect By Mikko Rantanen.
16:28 of 3rd period - Stopped by Reto Berra without a rebound.
16:29 of 3rd period - John Mitchell wins face-off versus Joe Thornton in SAN JOSE Sharks zone.
16:29 of 3rd period - John Mitchell is hit by Joe Thornton.
16:40 of 3rd period - Shot by Joe Thornton.
16:40 of 3rd period - Stopped by Reto Berra with a rebound.
16:58 of 3rd period - Shot by John Mitchell.
16:58 of 3rd period - Goal by John Mitchell - SAN JOSE Sharks : 2 - ANAHEIM Ducks : 3.
16:59 of 3rd period - Tyler Seguin wins face-off versus Josh Anderson in neutral zone.
17:04 of 3rd period - Shot by Seth Jones.
17:04 of 3rd period - Stopped by Reto Berra without a rebound.
17:05 of 3rd period - Tyler Seguin wins face-off versus Nick Schmaltz in SAN JOSE Sharks zone.
17:28 of 3rd period - Shot by Mason Raymond.
17:28 of 3rd period - Shot Misses the Net.
17:32 of 3rd period - Shot by Nick Schmaltz.
17:32 of 3rd period - Stopped by Cam Talbot without a rebound.
17:33 of 3rd period - Marcus Foligno wins face-off versus Joe Thornton in ANAHEIM Ducks zone.
17:44 of 3rd period - Shot by Jared Spurgeon.
17:44 of 3rd period - Stopped by Reto Berra without a rebound.
17:45 of 3rd period - John Mitchell wins face-off versus Tyler Toffoli in SAN JOSE Sharks zone.
17:45 of 3rd period - John Mitchell is hit by Paul Byron.
18:52 of 3rd period - Double Minor Penalty to Josh Gorges for Charging.
18:53 of 3rd period - Joe Thornton wins face-off versus Nick Schmaltz in SAN JOSE Sharks zone.
18:54 of 3rd period - Shot by Jared Spurgeon.
18:54 of 3rd period - Stopped by Reto Berra without a rebound.
18:55 of 3rd period - Tyler Seguin wins face-off versus Nick Schmaltz in SAN JOSE Sharks zone.
19:07 of 3rd period - Shot by Filip Forsberg.
19:07 of 3rd period - Shot Misses the Net.
19:09 of 3rd period - Shot by Vladimir Tarasenko.
19:09 of 3rd period - Stopped by Reto Berra with a rebound.
19:11 of 3rd period - Shot by Alexander Edler.
19:11 of 3rd period - Goal by Alexander Edler - SAN JOSE Sharks : 2 - ANAHEIM Ducks : 4.
19:12 of 3rd period - Joe Thornton wins face-off versus Nick Schmaltz in neutral zone.
19:19 of 3rd period - Shot by Mikko Rantanen.
19:19 of 3rd period - Deflect By Joe Thornton.
19:19 of 3rd period - Stopped by Reto Berra with a rebound.
19:39 of 3rd period - Shot by Mikko Rantanen.
19:39 of 3rd period - Shot Blocked by Nick Schultz.
19:41 of 3rd period - Shot by Mikko Rantanen.
19:41 of 3rd period - Shot Misses the Net.
19:43 of 3rd period - Shot by Seth Jones.
19:43 of 3rd period - Shot Blocked by Nick Schultz.
19:47 of 3rd period - Shot by Seth Jones.
19:47 of 3rd period - Shot Misses the Net.
19:53 of 3rd period - Shot by Mikael Granlund.
19:53 of 3rd period - Shot Blocked by Mike Matheson.
19:55 of 3rd period - Shot by Seth Jones.
19:55 of 3rd period - Deflect By Mikko Rantanen.
19:55 of 3rd period - Shot Misses the Net.
19:57 of 3rd period - Shot by Seth Jones.
19:57 of 3rd period - Shot Blocked by Mike Matheson.
Goals for this period are 1 for SAN JOSE Sharks vs 2 for ANAHEIM Ducks.
Shots for this period are 15 for SAN JOSE Sharks vs 17 for ANAHEIM Ducks.